Match 31596815
Unlisted

Match 31596815
End
Construct Barracks
Selects Airborne Battlegroup
Selects Pathfinders
Selects Smoke Bombing Run
1⁄4-ton 4x4 Truck
Riflemen Squad
Riflemen Squad
Grenade Package
Riflemen Squad
Construct Medical Station
Air Support Center
Selects Paratrooper Squad Paradrop
Riflemen Squad
M1918 Browning Automatic Rifles
Air Supply
Grasshopper Recon Run
Construct Weapon Support Center
P-47 Dive Bomb
Selects Anti-tank Gun Team Paradrop
Anti-tank Gun Team Paradrop
M3 Armored Personnel Carrier
P-47 Strafing Run
Selects Supply Drop
Supply Drop
Grasshopper Recon Run
P-47 Dive Bomb
Anti-tank Gun Team Paradrop
P-47 Strafing Run
Grasshopper Recon Run
P-47 Dive Bomb
P-47 Strafing Run
Construct Tank Depot
_BoRaD_
Zlatan
Vlambulance-YouTube
Supah-Pirate Slugga Boy
CrackSensation
Janeriksen
0
0

Comments sign in to comment!

No comments posted yet!